 Dungeon Crawl Stone Soup version 0.27-a0-385-g3208abaabc (webtiles) character file.

Game seed: 6614376504919055594

301415 dolemite99 the Impaler (level 19, -1/179 HPs)
             Began as a Demigod Gladiator on Feb 19, 2021.
             Slain by a deep elf knight
             ... wielding a +0 scimitar
              (10 damage)
             ... on level 2 of the Orcish Mines.
             The game lasted 01:38:16 (74953 turns).

dolemite99 the Impaler (Demigod Gladiator)         Turns: 74953, Time: 01:38:17

Health: -1/179     AC: 30    Str: 27    XL:     19   Next: 73%
Magic:  0/7        EV: 15    Int: 14    God:
Gold:   1555       SH:  0    Dex: 23    Spells: 16/18 levels left

rFire    + . .     SeeInvis .   a - +5 glaive "Parivvo" {antimagic, rC+ rN+}
rCold    + . .     Faith    .   (shield currently unavailable)
rNeg     + . .     Spirit   +   f - +1 plate armour {rF+}
rPois    .         Reflect  .   R - +2 hat of Insecurity {rElec Regen+}
rElec    +         Harm     .   T - +1 cloak
rCorr    .         Rampage  .   d - +2 pair of gloves
Will     +++..                  n - +2 pair of boots
Stlth    ..........             L - amulet of guardian spirit
HPRegen  1.39/turn              q - ring of willpower {=R}
MPRegen  0.10/turn              M - ring of willpower

@: no status effects
A: high mp 1
}: 1/15 runes: gossamer
a: no special abilities


You were on level 2 of the Orcish Mines.
You visited 7 branches of the dungeon, and saw 35 of its levels.

You collected 3950 gold pieces.
You spent 2395 gold pieces at shops.

Inventory:

Hand Weapons
 a - the +5 glaive "Parivvo" (weapon) {antimagic, rC+ rN+}
   (You bought it in a shop on level 4 of the Dungeon)

   It reduces the magical energy of the wielder, and disrupts the spells and
   magical abilities of those hit.
   Natural abilities and divine invocations are not affected.
   It protects you from cold.
   It protects you from negative energy.
 b - a +7 longbow of flaming
 w - a +1 demon trident of electrocution
Missiles
 g - 559 arrows
Armour
 d - a +2 pair of gloves (worn)
 f - a +1 plate armour of fire resistance (worn)
 n - a +2 pair of boots (worn)
 R - the +2 hat of Insecurity (worn) {rElec Regen+}
   (You acquired it on level 14 of the Dungeon)

   It insulates you from electricity.
   It increases your rate of regeneration.
 T - a +1 cloak (worn)
Jewellery
 h - an amulet of the acrobat
 o - a ring of see invisible
 q - a ring of willpower (left hand) {=R}
 r - a +6 ring of intelligence
 y - a ring of magical power
 A - a ring of ice
 B - a +4 ring of evasion
 F - a ring of poison resistance
 L - an amulet of guardian spirit (around neck)
 M - a ring of willpower (right hand)
 U - a ring of willpower
 X - a +6 ring of strength
Wands
 m - a wand of iceblast (19)
 s - a wand of polymorph (9)
 t - a wand of acid (5)
 x - a wand of flame (51)
 G - a wand of charming (11)
 I - a wand of mindburst (7)
 V - a wand of random effects (23)
 Z - a wand of digging (10)
Scrolls
 e - 2 scrolls of vulnerability
 j - a scroll of torment
 l - 3 scrolls of fog
 C - 2 scrolls of blinking
 O - 13 scrolls of identify {@r1}
 P - 5 scrolls of magic mapping
 S - a scroll of amnesia
 W - 5 scrolls of teleportation
Potions
 c - 8 potions of lignification
 i - 4 potions of mutation
 k - 11 potions of ambrosia
 p - 6 potions of brilliance
 u - a potion of magic
 z - 2 potions of attraction
 D - 2 potions of berserk rage
 E - 5 potions of degeneration
 K - 2 potions of heal wounds
 N - 12 potions of curing
 Q - 5 potions of flight
Miscellaneous
 v - a lightning rod (3/4)
 Y - a phial of floods


   Skills:
 - Level 17.8 Fighting
 - Level 17.8 Polearms
 - Level 17.1 Bows
 - Level 1.7 Throwing
 + Level 16.5 Armour
 - Level 8.0 Dodging
 - Level 5.7 Evocations


You had 16 spell levels left.
You knew the following spells:

 Your Spells              Type           Power        Failure   Level
a - Call Imp              Summ           0%           94%         2

Your spell library contained the following spells:

 Spells                   Type           Power        Failure   Level
 Foxfire                  Conj/Fire      0%           86%         1
 Freeze                   Ice            0%           86%         1
 Summon Small Mammal      Summ           0%           86%         1
 Call Canine Familiar     Summ           0%           99%         3
 Conjure Flame            Conj/Fire      0%           99%         3
 Frozen Ramparts          Ice            0%           99%         3
 Inner Flame              Hex/Fire       0%           99%         3
 Ozocubu's Armour         Ice            0%           99%         3
 Summon Guardian Golem    Hex/Summ       0%           99%         3
 Cause Fear               Hex            0%           100%        4
 Hailstorm                Conj/Ice       0%           100%        4
 Sticky Flame             Conj/Fire      0%           100%        4
 Summon Ice Beast         Ice/Summ       0%           100%        4
 Summon Lightning Spire   Summ/Air       0%           100%        4
 Fireball                 Conj/Fire      0%           100%        5
 Silence                  Hex/Air        0%           100%        5
 Yara's Violent Unravell  Hex/Tmut       0%           100%        5
 Discord                  Hex            0%           100%        8


Dungeon Overview and Level Annotations

Branches:
Dungeon (15/15)            Temple (0/1) D:5            Lair (6/6) D:8
 Shoals (3/4) Lair:3       Spider (4/4) Lair:4        Slime (0/5) Lair:5
    Orc (2/2) D:11            Elf (1/3) Orc:2        Vaults (4/5) D:14
  Crypt (0/3) Vaults:3     Depths (0/5) D:15

Shops:
D:4 (*[   D:14 ?   Orc:2 ?(**   Vaults:4 (

Annotations:
D:2 1 runed translucent door, Crazy Yiuf
D:9 1 runed translucent door, greynaab's ghost, novice DgFE
D:15 2 runed translucent doors, Qebrul's ghost, journeyman DsGl
Lair:1 exclusion: oklob plant
Lair:2 1 runed translucent door, Junaliek's ghost, journeyman MiFi
Lair:6 1 runed translucent door, Arcanilith's ghost, journeyman MiFi
Shoals:3 3 runed translucent doors, Qoceumut's ghost, journeyman DsAK
Spider:1 2 transporters, sahdkjhfkaj's ghost, adept OgTm
Spider:2 1 runed translucent door
Spider:3 2 transporters, exclusion: downstairs, Terrapin's ghost, journeyman MiBe
Vaults:3 2 transporters


Innate Abilities, Weirdness & Mutations

You have an increased reservoir of magic. (+10% MP)


Message History

You are too injured to fight recklessly!
Deactivating autopickup; reactivate with Ctrl-A.
You miss something.
You are covered in liquid flames!
You hear some strange, mumbled words.
A lance of force appears from out of thin air!
The lance of force hits you!
You are knocked back by the lance of force.
You slam into the rock wall!
You hear some strange, mumbled words.
A shard of ice appears from out of thin air!
The shard of ice hits you!
The deep elf pyromancer barely misses you.
Something hits you!
You hear some strange, mumbled words.
A shard of ice appears from out of thin air!
The shard of ice hits you!
* * * LOW HITPOINT WARNING * * *
You are too injured to fight recklessly!
You are too injured to fight recklessly!
Your +7 longbow of flaming stops flaming.
You feel magic leave you.
a - the +5 glaive "Parivvo" (weapon)
{antimagic, rC+ rN+} You are covered in liquid flames!
Something hits you!
* * * LOW HITPOINT WARNING * * *
The deep elf pyromancer gestures at you while chanting.
The bolt of fire hits you! You resist.
* * * LOW HITPOINT WARNING * * *
You hit something.
You are covered in liquid flames!
You hear some strange, mumbled words.
A lance of force appears from out of thin air!
The lance of force hits you!
* * * LOW HITPOINT WARNING * * *
You are knocked back by the lance of force.
You slam into the rock wall!
* * * LOW HITPOINT WARNING * * *
Something hits you!
You die...

# #### #......####.......# #
#......#.##........ #
#####........#......... #
#..####.....###........ ####
##..###................ #..#
##....###..........###[. #.####
###.....# ####.......# #.[
##...###.......####........#####.
###..##..^.....{@#...........###.
.###...........{e#............#..
####........#........#.#)........
###........##........####........
##....)<..###.......######....)..
.....)[....##....).....#.........
#..........##....#...####........
......#....#....##....##....(....
...####..........###...)......#..


You could see a deep elf pyromancer.

Vanquished Creatures
  Sojobo (Vaults:4)
  Margery (Vaults:4)
  A hellephant (Vaults:4)
  Frances (Shoals:1)
  2 sphinxes
  Kirke (Lair:4)
  4 tengu reavers
  Donald (Shoals:1)
  A deep elf sorcerer (Vaults:4)
  10 vault wardens
  Louise (Shoals:3)
  A balrug (Vaults:4)
  3 ghost moths (Spider:4)
  7 emperor scorpions
  8 ironheart preservers
  2 ghouls
  10 very ugly things
  A deep elf demonologist (Vaults:4)
  3 stone giants (Vaults:2)
  Nessos (D:12)
  8 entropy weavers
  An ettin (Vaults:2)
  A merfolk javelineer (Shoals:3)
  2 merfolk impalers
  Josephine (Orc:1)
  3 great orbs of eyes
  A fire dragon (Vaults:3)
  5 yaktaur captains
  Fannar (Lair:3)
  2 rakshasas (Vaults:2)
  5 ice dragons
  3 vault guards (Vaults:2)
  9 ogre magi
  5 death knights
  12 hydras
  8 boulder beetles
  A satyr (Shoals:3)
  Erica (Lair:1)
  10 centaur warriors
  7 catoblepae
  37 two-headed ogres
  4 death yaks
  2 merfolk aquamancers
  A deep troll shaman (Vaults:3)
  5 orc high priests
  Urug (D:14)
  2 tengu warriors (D:15)
  A shock serpent (shapeshifter) (Vaults:4)
  A deep troll earth mage (Vaults:4)
  2 deep elf knights
  A storm dragon zombie (Vaults:4)
  Sonja (D:13)
  Nergalle (Lair:1)
  14 hell knights (Vaults:4)
  2 shadow wraiths (Vaults:4)
  11 skeletal warriors
  6 sea snakes
  An entropy weaver zombie (Vaults:3)
  A swamp dragon (shapeshifter) (D:15)
  16 deep trolls
  An orange crystal statue (Vaults:1)
  6 deep elf archers
  13 orc knights
  8 harpies
  A phantasmal warrior (D:15)
  5 wizards
  2 deep elf zephyrmancers (Vaults:4)
  13 orb spiders
  5 necromancers
  26 wolf spiders
  12 ironbrand convokers
  6 deep elf pyromancers
  A human zombie (Vaults:3)
  19 ugly things
  A faun (shapeshifter) (Vaults:2)
  14 orc sorcerers
  A moth of wrath (shapeshifter) (Vaults:2)
  11 cyclopes
  11 manticores
  6 fauns
  8 elephants
  3 merfolk sirens
  3 moths of wrath
  A black mamba (Lair:4)
  Maurice (D:8)
  An ice statue (D:14)
  5 water nymphs
  15 vault sentinels
  A torpor snail (Spider:1)
  A gargoyle (D:14)
  7 cane toads
  Joseph (D:10)
  7 komodo dragons
  A kobold demonologist (D:14)
  An efreet (D:14)
  6 freezing wraiths
  19 yaktaurs
  2 human skeletons
  A tengu conjurer (D:15)
  10 demonic crawlers
  A jumping spider (shapeshifter) (Vaults:4)
  A queen bee (D:9)
  13 merfolk
  A queen bee (shapeshifter) (D:15)
  6 trolls
  33 jumping spiders
  A shadow dragon simulacrum (Vaults:3)
  3 meliai (D:15)
  A meliai (shapeshifter) (Vaults:3)
  3 wind drakes (Shoals:3)
  A polar bear (Lair:3)
  5 hornets
  8 snapping turtles
  15 dream sheep
  27 blink frogs
  19 slime creatures
  2 centaur simulacra
  68 redbacks
  Sigmund (D:4)
  A redback (shapeshifter) (Vaults:4)
  A vampire (D:12)
  66 yaks
  5 basilisks
  29 tarantellas
  6 wyverns
  2 shadows (D:15)
  7 wraiths
  7 water elementals
  A hog (Lair:4)
  Eustachio (D:6)
  16 humans
  A golden eye (shapeshifter) (Vaults:2)
  A yaktaur simulacrum (Vaults:3)
  3 vampire mosquitoes (D:15)
  7 wargs
  8 water moccasins
  2 acid dragons
  A water moccasin (shapeshifter) (Vaults:4)
  A deep troll zombie (Vaults:3)
  31 orc warriors
  4 ice beasts
  2 sky beasts
  26 ogres
  4 boggarts (Vaults:1)
  2 necrophages
  27 wolves
  16 centaurs
  2 kobold brigands
  18 bullfrogs
  A wyvern zombie (D:14)
  A deep troll simulacrum (Vaults:3)
  8 scorpions
  2 scorpions (shapeshifter)
  3 human simulacra
  21 killer bees
  18 wights
  5 electric eels
  3 howler monkeys (D:13)
  A bullfrog zombie (D:9)
  A quasit (D:12)
  4 jellies
  2 lava snakes (Lair:5)
  4 centaur skeletons
  6 centaur zombies
  A hound (shapeshifter) (D:15)
  14 hounds
  12 orc priests
  3 bullfrog skeletons (D:12)
  Natasha (thrice) (D:2)
  7 hell rats
  4 iguanas
  29 orc wizards
  6 worker ants
  3 hound zombies
  3 hound skeletons
  7 gnolls
  2 howler monkey skeletons
  13 adders
  8 river rats (Lair:2)
  3 shadow imps
  5 white imps
  3 ufetubi
  4 oozes
  An ooze (shapeshifter) (Vaults:4)
  An adder zombie (D:8)
  An adder skeleton (D:7)
  3 worms
  4 dart slugs
  3 leopard geckos
  95 orcs
  8 giant cockroaches
  8 goblins
  9 hobgoblins
  4 jackals (D:3)
  16 kobolds
  8 quokkas
  7 bats
  4 frilled lizards
  A leopard gecko skeleton (D:4)
  A quokka skeleton (D:5)
  15 rats
1418 creatures vanquished.

Vanquished Creatures (collateral kills)
  An entropy weaver (Spider:1)
  2 two-headed ogres (Vaults:2)
  An ironbrand convoker (Vaults:2)
  2 wolf spiders (Spider:4)
  A blink frog (Lair:1)
  A tarantella (Spider:4)
  An ogre (D:5)
9 creatures vanquished.

Vanquished Creatures (others)
  A two-headed ogre (Vaults:2)
  A wolf spider (Spider:4)
  A blink frog (Lair:5)
  A jumping spider (Spider:4)
  A redback (Spider:1)
  A human (Lair:4)
  A jelly (D:9)
  An orc priest (Orc:2)
  An orc wizard (Orc:2)
  An orc (Orc:2)
  2 bushes
  77 fungi
  127 plants
  8 tentacles (Shoals:2)
  3 withered plants
227 creatures vanquished.

Grand Total: 1654 creatures vanquished

Notes
Turn   | Place    | Note
-------+----------+-------------------------------------------
     0 | D:1      | dolemite99 the Demigod Gladiator began the quest for the
                  | Orb.
     0 | D:1      | Reached XP level 1. HP: 17/17 MP: 3/3
   362 | D:1      | Reached XP level 2. HP: 22/24 MP: 4/4
  1487 | D:2      | Reached XP level 3. HP: 29/29 MP: 5/5
  1870 | D:2      | Found a runed translucent door.
  1871 | D:2      | Noticed Crazy Yiuf
  2115 | D:2      | Noticed Natasha
  2126 | D:2      | Killed Natasha
  2127 | D:2      | Reached XP level 4. HP: 30/36 MP: 6/6
  2225 | D:2      | Noticed Natasha
  2244 | D:2      | Killed Natasha
  2245 | D:2      | Reached skill level 5 in Polearms
  2772 | D:2      | Noticed Natasha
  2783 | D:2      | Killed Natasha
  2784 | D:2      | Reached XP level 5. HP: 32/41 MP: 7/7
  4227 | D:4      | Reached XP level 6. HP: 48/48 MP: 8/8
  4320 | D:4      | Found a bloodstained altar of Trog.
  4321 | D:4      | Noticed a moth of wrath
  4428 | D:4      | Noticed Sigmund
  4445 | D:4      | Found Mewips's Assorted Antiques.
  4530 | D:4      | Killed Sigmund
  5014 | D:4      | Found Keobuiff's Armour Emporium.
  5160 | D:4      | Bought a scroll labelled BAWINK TONIXT for 26 gold pieces
  5160 | D:4      | Bought a scroll labelled KOWORE UBRIRAL for 26 gold pieces
  5160 | D:4      | Bought an orange potion for 23 gold pieces
  5160 | D:4      | Bought an amethyst potion for 23 gold pieces
  5287 | D:4      | Found Cubiocio's Antique Weapon Emporium.
  5306 | D:4      | Reached XP level 7. HP: 53/53 MP: 9/9
  6136 | D:5      | Entered Level 5 of the Dungeon
  6240 | D:5      | Found a staircase to the Ecumenical Temple.
  6356 | D:5      | Found an iron altar of Okawaru.
  6516 | D:5      | Found a hide-covered altar of Uskayaw.
  6777 | D:5      | Reached XP level 8. HP: 60/60 MP: 10/10
  6988 | D:5      | Got a warped ring mail
  7002 | D:5      | Identified the +1 ring mail "Ciatecs" {rElec rN+ Dex+4
                  | Stlth+} (You found it on level 5 of the Dungeon)
  7189 | D:6      | Noticed a two-headed ogre
  7224 | D:6      | Reached skill level 10 in Polearms
  7812 | D:6      | Noticed Eustachio
  7843 | D:6      | Killed Eustachio
  8048 | D:6      | Killed a two-headed ogre
  8049 | D:6      | Reached XP level 9. HP: 44/67 MP: 11/11
  9341 | D:4      | Bought a potion of heal wounds for 130 gold pieces
 10105 | D:8      | Reached skill level 5 in Fighting
 10410 | D:8      | Found a staircase to the Lair.
 10463 | D:8      | Noticed Maurice
 10574 | D:8      | Killed Maurice
 10804 | D:4      | Bought a glowing brass wand for 104 gold pieces
 11626 | D:8      | Reached skill level 1 in Armour
 12478 | D:9      | Reached XP level 10. HP: 83/83 MP: 13/13
 13807 | D:9      | Noticed a skeletal warrior
 13807 | D:9      | Noticed a skeletal warrior
 13808 | D:9      | Noticed a skeletal warrior
 13826 | D:9      | Killed a skeletal warrior
 13830 | D:9      | Killed a skeletal warrior
 13831 | D:9      | Reached skill level 5 in Evocations
 14184 | D:9      | Noticed a skeletal warrior
 14237 | D:10     | Entered Level 10 of the Dungeon
 14741 | D:10     | Reached skill level 5 in Armour
 14978 | D:9      | Found a stormy altar of Qazlal.
 15506 | D:9      | Found a runed translucent door.
 15506 | D:9      | Found a shimmering altar of Xom.
 15506 | D:9      | Noticed greynaab's ghost (novice DgFE)
 15508 | D:9      | Noticed a +2 trident of chaos
 15587 | Lair:1   | Entered Level 1 of the Lair of Beasts
 15708 | D:4      | Bought a crooked bronze wand for 104 gold pieces
 16000 | Lair:1   | Noticed Erica
 16015 | Lair:1   | Killed Erica
 16031 | Lair:1   | Noticed an oklob plant
 16170 | Lair:1   | Reached XP level 11. HP: 79/92 MP: 14/14
 16820 | Lair:1   | Noticed Nergalle
 16831 | Lair:1   | Killed Nergalle
 17874 | Lair:2   | Found a runed translucent door.
 17874 | Lair:2   | Noticed Junaliek's ghost (journeyman MiFi)
 18267 | Lair:2   | Noticed a seven-headed hydra
 18434 | Lair:2   | Killed a seven-headed hydra
 20305 | Lair:3   | Noticed Fannar
 20313 | Lair:3   | Killed Fannar
 20314 | Lair:3   | Reached XP level 12. HP: 93/103 MP: 12/15
 20383 | Lair:3   | Reached skill level 1 in Bows
 20561 | Lair:3   | Noticed a seven-headed hydra
 20717 | Lair:3   | Found a staircase to the Shoals.
 20726 | Lair:3   | Noticed a catoblepas
 20731 | Lair:3   | Killed a catoblepas
 20797 | Lair:3   | Noticed a five-headed hydra
 20812 | Lair:3   | Killed a five-headed hydra
 21167 | Lair:3   | Reached skill level 5 in Bows
 21443 | Lair:3   | Killed a seven-headed hydra
 22075 | Lair:4   | Noticed a four-headed hydra
 22086 | Lair:4   | Killed a four-headed hydra
 22694 | Lair:4   | Noticed Kirke
 22716 | Lair:4   | Killed Kirke
 23102 | Lair:4   | Noticed a six-headed hydra
 23113 | Lair:4   | Killed a six-headed hydra
 23630 | Lair:4   | Found a hole to the Spider Nest.
 24455 | Lair:5   | Noticed a seven-headed hydra
 24469 | Lair:5   | Killed a seven-headed hydra
 24987 | Lair:5   | Reached XP level 13. HP: 97/113 MP: 13/16
 25154 | Lair:5   | Found a staircase to the Slime Pits.
 25351 | Lair:5   | Reached skill level 10 in Fighting
 27026 | Lair:5   | Reached skill level 10 in Armour
 27331 | Lair:6   | Entered Level 6 of the Lair of Beasts
 28680 | Lair:6   | Identified a scroll of acquirement
 28680 | Lair:6   | Acquired a manual of Bows
 29181 | Lair:6   | Found a runed translucent door.
 29182 | Lair:6   | Noticed Arcanilith's ghost (journeyman MiFi)
 29300 | D:9      | Found a glowing silver altar of Zin.
 29309 | D:9      | Found a glowing golden altar of the Shining One.
 29317 | D:9      | Found a white marble altar of Elyvilon.
 29324 | D:9      | Found a sacrificial altar of Ru.
 29331 | D:9      | Found an iron altar of Okawaru.
 29336 | D:9      | Found a basalt altar of Yredelemnul.
 29347 | D:9      | Found an ancient bone altar of Kikubaaqudgha.
 29817 | D:10     | Noticed Joseph
 30428 | D:10     | Killed Joseph
 30917 | D:11     | Found a staircase to the Orcish Mines.
 31285 | Orc:1    | Entered Level 1 of the Orcish Mines
 31592 | D:11     | Paralysed by an orc sorcerer for 3 turns
 32459 | Orc:1    | Reached skill level 10 in Bows
 33018 | Orc:1    | Found a roughly hewn altar of Beogh.
 33281 | Orc:1    | Noticed Josephine
 33303 | Orc:1    | Killed Josephine
 33308 | Orc:1    | Found a roughly hewn altar of Beogh.
 33841 | Orc:2    | Entered Level 2 of the Orcish Mines
 35813 | Orc:2    | Found a staircase to the Elven Halls.
 36177 | Orc:2    | Paralysed by an orc sorcerer for 3 turns
 36577 | Orc:1    | Reached XP level 14. HP: 109/122 MP: 15/17
 39076 | Orc:2    | Paralysed by an orc sorcerer for 4 turns
 40610 | Orc:2    | Found Coej's Magic Scroll Emporium.
 40610 | Orc:2    | Found Ocodaqy's Assorted Antiques.
 40613 | Orc:2    | Found Lit Fere's Assorted Antiques.
 40613 | Orc:2    | Found Vikilu's Antique Weapon Emporium.
 40652 | Orc:2    | Bought a wand of mindburst (21) for 128 gold pieces
 40652 | Orc:2    | Bought a wand of digging (5) for 256 gold pieces
 40652 | Orc:2    | Bought a potion of curing for 96 gold pieces
 40652 | Orc:2    | Bought a scroll of identify for 64 gold pieces
 40652 | Orc:2    | Bought a scroll of teleportation for 96 gold pieces
 40657 | Orc:2    | Bought a scroll of teleportation for 39 gold pieces
 40657 | Orc:2    | Bought a scroll of teleportation for 39 gold pieces
 40657 | Orc:2    | Bought a scroll of teleportation for 39 gold pieces
 40657 | Orc:2    | Bought a scroll of identify for 26 gold pieces
 40657 | Orc:2    | Bought a scroll of identify for 26 gold pieces
 40704 | Orc:2    | Bought a wand of charming (7) for 68 gold pieces
 40704 | Orc:2    | Bought a potion of curing for 102 gold pieces
 40704 | Orc:2    | Bought a blackened gilded ring for 170 gold pieces
 40940 | D:4      | Bought a transparent quarterstaff for 279 gold pieces
 40942 | D:4      | Identified the +6 quarterstaff "Wiasueduc" {vorpal, *Rage
                  | Dex+7} (You bought it in a shop on level 4 of the Dungeon)
 41778 | D:12     | Noticed Nessos
 41787 | D:12     | Killed Nessos
 42601 | D:13     | Noticed Sonja
 42605 | D:13     | Killed Sonja
 43352 | D:14     | Found a gate to the Vaults.
 43352 | D:14     | Noticed Urug
 43664 | D:14     | Killed Urug
 43802 | D:14     | Found Xuithroas's Magic Scroll Boutique.
 44438 | D:14     | Acquired the +2 hat of Insecurity {rElec Regen+}
 46261 | Lair:6   | Reached XP level 15. HP: 132/134 MP: 15/18
 47766 | D:15     | Entered Level 15 of the Dungeon
 47905 | D:14     | Bought a scroll of teleportation for 33 gold pieces
 47905 | D:14     | Bought a scroll of holy word for 82 gold pieces
 47905 | D:14     | Bought a scroll of magic mapping for 38 gold pieces
 47905 | D:14     | Bought a scroll of identify for 22 gold pieces
 47921 | D:14     | Learned a level 2 spell: Call Imp
 48415 | D:15     | Found a blossoming altar of Fedhas.
 50031 | D:15     | Reached skill level 15 in Bows
 50055 | D:15     | Found a staircase to the Depths.
 50225 | D:15     | Found a large runed translucent door.
 50226 | D:15     | Found a large runed translucent door.
 50228 | D:15     | Noticed Qebrul's ghost (journeyman DsGl)
 50625 | D:4      | Bought a dazzling glaive for 356 gold pieces
 50626 | D:4      | Identified the +5 glaive "Parivvo" {antimagic, rC+ rN+}
                  | (You bought it in a shop on level 4 of the Dungeon)
 51092 | Shoals:1 | Entered Level 1 of the Shoals
 51494 | Shoals:1 | Noticed Frances
 51504 | Shoals:1 | Killed Frances
 51729 | Shoals:1 | Reached skill level 5 in Dodging
 51982 | Spider:1 | Entered Level 1 of the Spider Nest
 52520 | Spider:1 | Found a frozen archway.
 52601 | Spider:1 | Found a transporter.
 52624 | Spider:1 | Noticed sahdkjhfkaj's ghost (adept OgTm)
 52635 | Spider:1 | Found a transporter.
 53082 | Spider:2 | Reached XP level 16. HP: 135/143 MP: 17/19
 53902 | Spider:2 | Found a runed translucent door.
 54403 | Spider:3 | Found a transporter.
 54457 | Spider:3 | Found a transporter.
 54513 | Spider:3 | Noticed Terrapin's ghost (journeyman MiBe)
 54863 | Spider:4 | Entered Level 4 of the Spider Nest
 59681 | Spider:4 | Got a gossamer rune of Zot
 60664 | Shoals:2 | Noticed a kraken
 60909 | Shoals:3 | Reached XP level 17. HP: 85/152 MP: 12/20
 61146 | Shoals:3 | Found a runed translucent gate.
 61148 | Shoals:3 | Found a runed translucent gate.
 61149 | Shoals:3 | Found a runed translucent gate.
 61152 | Shoals:3 | Noticed Qoceumut's ghost (journeyman DsAK)
 61185 | Shoals:3 | Noticed Louise
 61632 | Shoals:3 | Killed Louise
 62030 | Shoals:1 | Noticed Donald
 62053 | Shoals:1 | Killed Donald
 62344 | Vaults:1 | Entered Level 1 of the Vaults
 64409 | Vaults:1 | Reached skill level 15 in Polearms
 65524 | Vaults:2 | Reached XP level 18. HP: 68/160 MP: 7/21
 67877 | Vaults:2 | Paralysed by a sphinx for 7 turns
 68119 | Vaults:3 | Found a staircase to the Crypt.
 68672 | Vaults:3 | Found a transporter.
 68708 | Vaults:3 | Found a transporter.
 68762 | Vaults:3 | Found a snail-covered altar of Cheibriados.
 70343 | Vaults:3 | Acquired a manual of Fighting
 70386 | Vaults:3 | Reached skill level 15 in Fighting
 71475 | Vaults:4 | Found a huge runed gate.
 71475 | Vaults:4 | Found a huge runed gate.
 71494 | Vaults:4 | Found a huge runed gate.
 71495 | Vaults:4 | Found a huge runed gate.
 71496 | Vaults:4 | Found a huge runed gate.
 71496 | Vaults:4 | Found a huge runed gate.
 71497 | Vaults:4 | Found a huge runed gate.
 71497 | Vaults:4 | Found a huge runed gate.
 71497 | Vaults:4 | Found a huge runed gate.
 71498 | Vaults:4 | Found a huge runed gate.
 71504 | Vaults:4 | Found a huge runed gate.
 71504 | Vaults:4 | Found a huge runed gate.
 71504 | Vaults:4 | Found a huge runed gate.
 71504 | Vaults:4 | Found a huge runed gate.
 71504 | Vaults:4 | Found a huge runed gate.
 71512 | Vaults:4 | Noticed Margery
 71577 | Vaults:4 | Reached XP level 19. HP: 54/169 MP: 7/22
 71663 | Vaults:4 | Noticed Sojobo
 72160 | Vaults:4 | Killed Margery
 72459 | Vaults:4 | Found a huge runed gate.
 72460 | Vaults:4 | Found a huge runed gate.
 72461 | Vaults:4 | Found a huge runed gate.
 72461 | Vaults:4 | Found a huge runed gate.
 72461 | Vaults:4 | Found a huge runed gate.
 72461 | Vaults:4 | Found a huge runed gate.
 72462 | Vaults:4 | Found a huge runed gate.
 72474 | Vaults:4 | Found a huge runed gate.
 72476 | Vaults:4 | Found a huge runed gate.
 72483 | Vaults:4 | Found a huge runed gate.
 72484 | Vaults:4 | Found a huge runed gate.
 72496 | Vaults:4 | Found a huge runed gate.
 72496 | Vaults:4 | Found a huge runed gate.
 72496 | Vaults:4 | Found a huge runed gate.
 72496 | Vaults:4 | Found a huge runed gate.
 72496 | Vaults:4 | Found a huge runed gate.
 72496 | Vaults:4 | Found a huge runed gate.
 72497 | Vaults:4 | Found a huge runed gate.
 72498 | Vaults:4 | Found a huge runed gate.
 72499 | Vaults:4 | Found a huge runed gate.
 72756 | Vaults:4 | Reached skill level 15 in Armour
 73209 | Vaults:4 | Killed Sojobo
 73763 | Vaults:4 | Found Caown's Weapon Shoppe.
 74665 | Vaults:4 | Identified the +10 hunting sling "Feof" {flame, +Blink}
                  | (You found it on level 4 of the Vaults)
 74929 | Elf:1    | Entered Level 1 of the Elven Halls
 74953 | Orc:2    | Slain by a deep elf knight

Illustrated notes

Levels and vault maps discovered:
D:1:      amcnicky_arrival_double_pillar, layout_loops_cross
D:2:      layout_basic, minmay_split_cup_large, uniq_crazy_yiuf_cottage,
          uniq_natasha
D:3:      layout_basic
D:4:      layout_loops_ring, serial_shops, nicolae_shop_statue_plus,
          kennysheep_mini, nicolae_shop_behind_doors, serial_glass,
          glass_columns_a, glass_columns_a, tgw_trog, uniq_sigmund
D:5:      layout_loops_ring, lemuel_crystal_altar,
          minmay_temple_entry_junction_2, okawaru_ov_weapons_minmay
D:6:      layout_loops_ring, gup_sewer_entry_bowl, uniq_eustachio
D:7:      layout_cave_pools
D:8:      layout_layer_cave, erik_lair_island, nicolae_ossuary_entry_plus,
          uniq_maurice
D:9:      layout_stronghold, grunt_temple_overflow_octagram,
          grunt_qazlal_clouds, ebering_ghost_xom, minivault_7
D:10:     layout_long_grid, uniq_joseph
D:11:     layout_rooms, minmay_orc_entry_guard_dogs
D:12:     layout_rooms, serial_glass, glass_columns_b, glass_columns_a,
          uniq_nessos
D:13:     layout_loops_corners, nicolae_wwwww, uniq_sonja
D:14:     layout_roguey, david_vaults_3, serial_bayou_pond_c,
          serial_corexii_hall, corexii_hall_statues_t, chequers_hall_statues_y,
          serial_shops, shop, minmay_strange_pillars, minivault_16
D:15:     grunt_enter_depths_magical_seal, layout_rooms,
          ebering_ghost_disaster_area, fedhas_altar_1
Lair:1:   layout_cave_pods, nicolae_quartered_pool_super,
          minmay_lair_oklob_chamber, uniq_erica, uniq_nergalle
Lair:2:   layout_roguey, hellmonk_ghost_happy_afterlife,
          minmay_stone_trees_medium, kennysheep_rathole
Lair:3:   layout_regular_city, minmay_shoals_entry_centaurs, uniq_fannar
Lair:4:   layout_layer_cave, spider_nest_entry_rubble,
          nicolae_volcano_entry_s_turn, chequers_serial_rivers_room_b,
          uniq_kirke
Lair:5:   layout_gridlike, nicolae_slime_entry_slimehenge, grunt_megastairs_4
Lair:6:   evilmike_catoblepas_cave, layout_loops_ring, gammafunk_ghost_grave
Shoals:1: layout_shoals, serial_shops, nicolae_shop_competitors_out_of_business,
          argonaut_gorgonesque, uniq_frances, uniq_donald
Shoals:2: layout_shoals
Shoals:3: layout_shoals, gammafunk_ghost_tricky_traps, uniq_louise
Spider:1: layout_spider_delve, portal_ice_cave_entry_pillars_three,
          gammafunk_ghost_berserking_beasts, drop_trap
Spider:2: cheibrodos_spider_deadly_dance
Spider:3: layout_spider_delve, gammafunk_ghost_berserking_beasts
Spider:4: grunt_spider_rune_circles
Orc:1:    layout_caves, basic_altar, mines1_david, uniq_josephine
Orc:2:    grunt_orc_tribal_feast, layout_diamond_mine, nicolae_orc_damp_corner
Elf:1:    eino_elf_arrival_the_gate, layout_gridlike, serial_shops, shop,
          hangedman_corner_corridor, st_stairs_6, minmay_elf_demonology,
          uniq_aizul
Vaults:1: v_misc_17, nicolae_vaults_disjoint_gnomons,
          ontoclasm_vaults_loading_screen, nicolae_vaults_ninety_degrees,
          v_pattern_1, v_misc_5, v_alt_pattern_6, vaults_dpeg_doors,
          vaults_dpeg_ring, vaults_room_corners, v_misc_17, vaults_dpeg_cross,
          nicolae_vaults_statue_guard, vaults_room_pools,
          nicolae_vaults_gold_heap, layout_vaults_omnicross
Vaults:2: nicolae_vaults_c_with_doors, grunt_vaults_diagonal,
          hangedman_vaults_impose, v_pattern_4, ontoclasm_vaults_claustrophobia,
          v_misc_23, v_misc_13, vaults_standard_mumra_x, nicolae_vaults_arrows,
          vaults_room_fancy_cross, grunt_vaults_focal, ontoclasm_vaults_chip,
          v_misc_15, hangedman_vaults_variations, layout_vaults_maze
Vaults:3: gammafunk_its_a_trap, hangedman_vaults_stretched_pinwheel,
          v_alt_pattern_6, grunt_vaults_twisty, nicolae_vaults_puzzle_piece,
          v_misc_17, layout_vaults_omnigrid, basic_altar
Vaults:4: nicolae_vaults_little_squares_1, v_misc_12, v_misc_23,
          vaults_not_door_vault_due, v_rooms_1,
          vaults_room_grunt_arrival_ludios, v_misc_15, v_rooms_2,
          vaults_room_corners, nicolae_vaults_little_ls, layout_vaults_omnibox,
          serial_shops, nicolae_shop_statue_plus, uniq_margery, uniq_sojobo

Skill      XL: |  1  2  3  4  5  6  7  8  9 10 11 12 13 14 15 16 17 18 19 |
---------------+----------------------------------------------------------+-----
Polearms       | 3 4 5 6 7 9 11 12 13 16 17 | 17.8
Fighting       | 6 7 8 9 10 12 13 14 16 17 | 17.8
Armour         | 3 6 7 9 10 12 13 14 16 | 16.5
Evocations     | 5 |  5.7
Bows           | 6 12 13 15 16 17 | 17.1
Dodging        | 8 |  8.0
Throwing       | |  1.7

Action                   |  1- 3 |  4- 6 |  7- 9 | 10-12 | 13-15 | 16-18 | 19-21 || total
-------------------------+-------+-------+-------+-------+-------+-------+-------++-------
Melee: Trident           |   133 |   229 |   600 |   668 |   357 |       |       ||  1987
       Unarmed           |       |     7 |       |       |       |       |       ||     7
       Halberd           |       |       |       |   320 |       |       |       ||   320
       Quarterstaff      |       |       |       |       |    61 |       |       ||    61
       Longbow           |       |       |       |       |     2 |     2 |     1 ||     5
       Demon trident     |       |       |       |       |   161 |   627 |       ||   788
       Glaive            |       |       |       |       |       |   164 |   121 ||   285
 Fire: Shortbow          |       |       |       |   127 |  1188 |       |       ||  1315
       Longbow           |       |       |       |       |   693 |  1227 |   333 ||  2253
Throw: Dart              |       |       |       |    24 |     8 |    14 |       ||    46
       Throwing net      |       |       |       |     5 |       |       |       ||     5
Evoke: Wand              |       |       |    14 |    53 |    28 |    14 |     5 ||   114
       Phial of floods   |       |       |       |     3 |     5 |     7 |     1 ||    16
       Lightning rod     |       |       |       |       |    12 |    22 |     9 ||    43
  Use: Potion            |       |     5 |     7 |     1 |     6 |    10 |     3 ||    32
       Scroll            |       |    10 |     5 |     9 |    20 |    27 |     5 ||    76
 Stab: Sleeping          |       |       |     1 |       |       |       |       ||     1
       Paralysed         |       |       |       |    12 |       |       |       ||    12
       Distracted        |       |       |       |     1 |       |       |       ||     1
       Held in net/web   |       |       |       |     1 |       |       |       ||     1
       Invisible         |       |       |       |       |       |    12 |       ||    12
Armor: Leather armour    |    10 |       |       |       |       |       |       ||    10
       Scale mail        |    40 |    87 |    32 |       |    76 |    37 |       ||   272
       Skin              |       |    10 |   100 |    36 |       |       |       ||   146
       Chain mail        |       |       |    85 |    77 |    53 |   396 |       ||   611
       Ring mail         |       |       |    31 |       |       |       |       ||    31
       Plate armour      |       |       |       |   388 |   638 |   404 |   201 ||  1631
Dodge: Dodged            |    83 |   106 |   322 |   656 |   822 |  1175 |   213 ||  3377

Table legend: (Time is in decaauts)
 A = Elapsed time spent in this place.
 B = Non-inter-level travel time spent in this place.
 C = Inter-level travel time spent in this place.
 D = Time resting spent in this place.
 E = Time spent auto-exploring this place.
 F = Levels seen in this place.
 G = Mean time per level.
                   A        B        C        D        E       F      G
               +--------+--------+--------+--------+--------+-----+--------+
         Total |  73850 |  68793 |   5057 |  30194 |  24740 |  35 | 2110.0 |
       Dungeon |  27737 |  24757 |   2980 |  10281 |   9574 |  15 | 1849.1 |
          Lair |  16014 |  15052 |    962 |   6701 |   5523 |   6 | 2669.0 |
        Shoals |   3382 |   3208 |    174 |    784 |   1429 |   3 | 1127.3 |
   Spider Nest |   7727 |   7321 |    406 |   3807 |   1988 |   4 | 1931.8 |
  Orcish Mines |   7623 |   7480 |    143 |   5000 |   1297 |   2 | 3811.5 |
   Elven Halls |     18 |     18 |      0 |      0 |      3 |   1 |   18.0 |
        Vaults |  11346 |  10957 |    389 |   3620 |   4923 |   4 | 2836.5 |
               +--------+--------+--------+--------+--------+-----+--------+

Top non-repeatable levels by time:
   Orc:1: 4074 daAuts
Spider:4: 4060 daAuts
  Lair:4: 3606 daAuts
Vaults:4: 3555 daAuts
   Orc:2: 3549 daAuts
  Lair:5: 3230 daAuts
     D:9: 3046 daAuts
     D:8: 2964 daAuts
Vaults:2: 2932 daAuts
Vaults:3: 2710 daAuts
  Lair:6: 2671 daAuts
  Lair:1: 2605 daAuts
     D:4: 2485 daAuts
    D:14: 2354 daAuts
    D:11: 2307 daAuts
